[Event "Stockholm Elo Challenge 2019"]
[Site "Stockholm"]
[Date "2019.06.02"]
[Round "7.5"]
[White "Sjodin, Bengt"]
[Black "Grahn, Vidar"]
[Result "1/2-1/2"]
[ECO "D00"]
[WhiteElo "1974"]
[BlackElo "1976"]
[Annotator "NA"]
[PlyCount "99"]
[EventDate "2019.05.29"]
[EventType "swiss"]
[EventCountry "SWE"]
[SourceTitle "playchess.com"]
[Source "ChessBase"]
[SourceQuality "1"]
[TimeControl "40/5400+30:1800+30"]

1. d4 d5 2. Bf4 Nf6 3. e3 c5 4. Nf3 Bg4 5. Bb5+ Nc6 6. c3 {[%emt 0:03:17] D02: 1 d4 d5 2 Nf3 sidelines, including 2...Nf6 3 g3 and 2...Nf6 3 Bf4} e6 7. Nbd2 Qa5 $146 ({Predecessor:} 7... Qb6 8. Qa4 Nd7 9. O-O a6 10. Bd3 Be7 11. Rab1 Bh5 12. a3 Qd8 13. Rfe1 O-O 14. Qc2 Bg6 15. Bxg6 hxg6 {½-½ (65) Kamsky,G (2690)-Vallejo Pons,F (2674) Khanty-Mansiysk 2005}) 8. Qa4 Qxa4 9. Bxa4 Nd7 10. Ne5 Ndxe5 11. Bxe5 f6 12. Bf4 cxd4 13. exd4 Kf7 14. O-O g5 15. Be3 Bd6 16. f4 h6 17. Bc2 Ke7 18. Rae1 Rag8 19. f5 e5 ({Black should try} 19... Kf7 $14) 20. Bb3 exd4 21. Bxd4+ ({But not} 21. cxd4 Bb4 $18) 21... Be5 22. Bxd5 Nxd4 23. cxd4 {[%emt 0:00:48] Pin} Rd8 24. dxe5 ({Weaker is} 24. Bxb7 Rxd4 25. Nb3 Rf4 $11) 24... Rxd5 25. exf6+ Kxf6 26. Ne4+ Kg7 27. f6+ $2 ({Better is} 27. h3 $18 Bxf5 28. Nc3) 27... Kf7 28. h3 Be6 29. Rf2 Re8 $11 30. g4 Rd4 31. Nc3 Bd7 32. Rxe8 Bxe8 33. Ne2 Rd2 34. Ng3 Rxf2 35. Kxf2 Kxf6 36. Ke3 Bg6 37. Kd4 b6 38. a3 Bf7 39. b4 a6 40. Ne4+ Ke6 41. Nc3 Kd6 42. Na4 b5 43. Nc5 Bd5 44. Nxa6 Bg2 45. Nc5 Bxh3 46. Ne4+ Ke6 47. Nf2 Bf1 48. Ke3 Bc4 49. Nh1 Ke5 50. Nf2 {[%emt 0:00:00] Kd4+} 1/2-1/2

[Event "Stockholm Elo Challenge 2019"]
[Site "Stockholm"]
[Date "2019.06.02"]
[Round "7.6"]
[White "Tran, Alva Ling"]
[Black "Isaksson, Max"]
[Result "1-0"]
[ECO "C50"]
[WhiteElo "1616"]
[BlackElo "1572"]
[Annotator "NA"]
[PlyCount "90"]
[EventDate "2019.05.29"]
[EventType "swiss"]
[EventCountry "SWE"]
[SourceTitle "playchess.com"]
[Source "ChessBase"]
[SourceQuality "1"]
[TimeControl "40/5400+30:1800+30"]

1. e4 e5 2. Nf3 Nc6 3. Bc4 Nf6 4. d3 Bc5 5. Nc3 d6 6. h3 h6 7. Be3 Bb6 8. d4 exd4 9. Nxd4 O-O 10. O-O Nxe4 11. Nxe4 d5 12. Nxc6 bxc6 13. Bxb6 cxb6 14. Bd3 dxe4 15. Bxe4 Qf6 16. c3 Ba6 17. Re1 Rad8 18. Qa4 Bb5 19. Qxa7 c5 20. Rad1 Rxd1 21. Rxd1 Rd8 22. Rxd8+ Qxd8 23. Qa8 Qxa8 24. Bxa8 Kf8 25. f4 Ke7 26. Kf2 Kd6 27. Ke3 f5 28. h4 Bd7 29. b4 c4 30. Kd4 b5 31. Bd5 Be8 32. g3 Bh5 33. Bb7 Bd1 34. Bc8 Bc2 35. Ke3 Be4 36. Ba6 Bc6 37. Kd4 Bd7 38. Bb7 Kc7 39. Bd5 Kd6 40. Bg8 Bc6 41. Bh7 Bd7 42. Bg6 Bc8 43. Be8 Ba6 44. a3 Ke7 45. Bg6 Bc8 {Ke4} 1-0